 Dungeon Crawl Stone Soup version 0.31-a0-182-gc5ef74bbde (webtiles) character file.

Game seed: 3161245654062259487

861 qw the Chopper (level 8, -6/49 HPs)
             Began as a Gargoyle Fighter on June 20, 2023.
             Killed from afar by an acid dragon (8 damage)
             ... with a splash of acid
             ... on level 6 of the Dungeon.
             The game lasted 00:02:23 (4575 turns).

qw the Chopper (Gargoyle Fighter)                   Turns: 4575, Time: 00:02:24

Health: -6/49      AC:  7    Str: 22    XL:     8   Next: 2%
Magic:  8/8        EV:  8    Int:  9    God:
Gold:   214        SH:  9    Dex:  9    Spells: 7/7 levels left

rFire   . . .        n - +1 war axe of Chance {heavy, rC+ rCorr}
rCold   + . .        c - +0 buckler
rNeg    + . .        a - +0 chain mail
rPois   inf          s - +0 helmet
rElec   +            (no cloak)
rCorr   +            (no gloves)
SInv    .            (no boots)
Will    .....        q - amulet of reflection Stlth
                     (no ring)
HPRegen 0.28/turn    (no ring)
MPRegen 0.11/turn

%: reflection
@: corroded, very slow
A: sickness immunity, AC +5, negative energy resistance 1, electricity
resistance, torment resistance 1, petrification resistance
a: no special abilities


You were on level 6 of the Dungeon.
You visited 1 branch of the dungeon, and saw 6 of its levels.

You collected 214 gold pieces.


Innate Abilities, Weirdness & Mutations

You are immune to sickness and miasma.
Your stone body is resilient. (AC +5)
You are immune to poison.
You resist negative energy. (rN+)
You are resistant to electric shocks. (rElec)
You are resistant to unholy torment.
You are immune to petrification.


   Skills:
 - Level 5.1 Fighting
 + Level 7.2 Axes
 - Level 1.0 Throwing
 - Level 3.2 Armour
 - Level 1.3 Dodging
 - Level 3.2 Shields


You had 7 spell levels left.
You didn't know any spells.
Your spell library was empty.

Inventory:

Hand Weapons
 k - a +0 flail
 n - the +1 war axe of Chance (weapon) {heavy, rC+ rCorr}
   (You acquired it on level 5 of the Dungeon)

   rC:        It protects you from cold.
   rCorr:     It protects you from acid and corrosion.
 Y - a +1 war axe
Missiles
 l - 9 boomerangs (quivered)
Armour
 a - a +0 chain mail (worn)
 c - a +0 buckler (worn)
 s - a +0 helmet (worn)
Jewellery
 q - an amulet of reflection (around neck)
Scrolls
 m - a scroll of identify
Potions
 b - a potion of curing
 d - a potion of might
 e - a potion of lignification
 g - a potion of cancellation
 i - a potion of invisibility {unknown}
 j - a potion of attraction {unknown}
 p - a potion of haste {unknown}

Dungeon Overview and Level Annotations

Branches:
Dungeon (6/15)
 Temple: D:4-7

Altars:
Dithmenos
Sif Muna

Shops:
D:3 :


Message History

You block splash of acid... and reflect it back!
The splash of acid hits the acid dragon.
The dart slug launches a dart at you. The slug dart misses you.
You hear an angry hiss.
A dart slug comes into view.
The dart slug launches a dart at you. The slug dart hits you.
The dart slug launches a dart at you. The slug dart hits you.
4572 ||| DRINKING potion of heal wounds.
You feel much better.
You slash the dart slug!
You kill the dart slug!
The dart slug launches a dart at you.
The slug dart hits you but does no damage.
The dart slug launches a dart at you. The slug dart hits you.
A white imp comes into view.
You barely miss the ogre. The ogre closely misses you.
The dart slug launches a dart at you.
You block slug dart... and reflect it back!
The slug dart hits the dart slug.
The dart slug launches a dart at you. The slug dart hits you.
The dart slug launches a dart at you. The slug dart misses you.
You slash the acid dragon!
The acid dragon is almost dead.
You hit the ogre.
The ogre hits you with a +0 giant spiked club!!
Ouch! That really hurt!
The acid dragon barely misses you.
The acid dragon claws you but does no damage.
The dart slug launches a dart at you. The slug dart hits you.
You block the ogre's attack. The acid dragon spits acid at you.
The splash of acid hits you! You resist.
You die...

.# ##.#.#
#..#.#### ..##
###..#....#
....##~~.~~#...
...#w~~~w#~~.#
...~~~~#~~~~~##.
..~w~~~~~@~#~~~.
..w#~~~%OD~~~~~.#
.~~~~~~~~~~~~~~~#
~~~~~~~~~5~~.~~~~
~~~$7.~...~~~)#~w
.~~.....<..?[.~~.
#~~~)~~.<[~~..~#~
~~~#~~#~~~~~~~~~
.w~~~~~~~~~~~~~~


You could see an acid dragon (catching breath), an ogre, a white imp and 5 dart
slugs.

Vanquished Creatures
  A black bear (D:4)
  An ogre (D:5)
  A centaur (D:4)
  A phantom (D:5)
  A scorpion (D:3)
  An electric eel (D:6)
  A hound (D:5)
  A jelly (D:4)
  An orc priest (D:3)
  Ijyb (D:5)
  Natasha (thrice) (D:3)
  2 iguanas
  7 adders
  2 white imps
  An ufetubus (D:5)
  2 worms (D:2)
  3 dart slugs
  13 orcs
  3 ball pythons
  10 endoplasms
  5 giant cockroaches
  7 goblins
  8 hobgoblins
  2 jackals (D:4)
  9 kobolds
  6 quokkas
  2 bats (D:3)
  5 frilled lizards
  4 rats
104 creatures vanquished.

Notes
Turn   | Place    | Note
-------+----------+-------------------------------------------
     0 | D:1      | qw the Gargoyle Fighter began the quest for the Orb.
     0 | D:1      | Reached XP level 1. HP: 14/14 MP: 1/1
     0 | D:1      | 0 ||| qw: Version: 0.3-a-9-g12657ce
     0 | D:1      | 0 ||| qw: Game counter: 1386
     0 | D:1      | 0 ||| qw: Always use a shield: true
     0 | D:1      | 0 ||| qw: God list: Okawaru
     0 | D:1      | 0 ||| qw: Allow faded altars: false
     0 | D:1      | 0 ||| qw: Do Orc after D:15 true
     0 | D:1      | 0 ||| qw: Do second Lair branch before Depths: true
     0 | D:1      | 0 ||| qw: Lair rune preference: random
     0 | D:1      | 0 ||| qw: Plans: Normal, Zot:1-4, Slime:5, God:TSO, Crypt,
                  | Tomb, Abyss, Pan, Hells, Win
     0 | D:1      | 0 ||| PLANNING D:1-11
     2 | D:1      | Noticed a troll
     2 | D:1      | Noticed an octopode
     4 | D:1      | Noticed a formicid
     4 | D:1      | Noticed a demigod
     6 | D:1      | Noticed a gargoyle
     8 | D:1      | Noticed a ghoul
     8 | D:1      | Noticed an armataur
    10 | D:1      | Noticed a meteoran
    10 | D:1      | Noticed a tengu
    12 | D:1      | Noticed a vine stalker
    12 | D:1      | Noticed a human
    14 | D:1      | Noticed a draconian
    16 | D:1      | Noticed a naga
    16 | D:1      | Noticed a merfolk
    19 | D:1      | Noticed a vampire
    21 | D:1      | Noticed a minotaur
    21 | D:1      | Noticed a demonspawn
    23 | D:1      | Noticed a felid
    23 | D:1      | Noticed an elf
    25 | D:1      | Noticed an ogre
    25 | D:1      | Noticed an ogre
    27 | D:1      | Noticed a vine stalker
    27 | D:1      | Noticed an elf
    81 | D:1      | Reached skill level 2 in Axes
   175 | D:1      | Reached XP level 2. HP: 19/19 MP: 2/2
   245 | D:1      | 245 ||| Stepping ~*~*~tactically~*~*~ (stealth).
   255 | D:1      | 255 ||| Stepping ~*~*~tactically~*~*~ (stealth).
   257 | D:1      | 257 ||| Stepping ~*~*~tactically~*~*~ (hiding).
   410 | D:1      | 410 ||| Stepping ~*~*~tactically~*~*~ (stealth).
   413 | D:1      | Reached skill level 3 in Axes
   500 | D:1      | Found a faded altar of an unknown god.
   512 | D:1      | Reached XP level 3. HP: 23/23 MP: 3/3
   522 | D:1      | 522 ||| FLEEEEING.
   523 | D:1      | 523 ||| FLEEEEING.
   524 | D:1      | 524 ||| FLEEEEING.
   525 | D:1      | 525 ||| FLEEEEING.
   526 | D:1      | 526 ||| FLEEEEING.
   527 | D:1      | 527 ||| FLEEEEING.
   528 | D:1      | 528 ||| FLEEEEING.
   529 | D:1      | 529 ||| FLEEEEING.
   530 | D:1      | 530 ||| FLEEEEING.
   531 | D:1      | 531 ||| FLEEEEING.
   532 | D:1      | 532 ||| FLEEEEING.
   533 | D:1      | 533 ||| FLEEEEING.
   534 | D:1      | 534 ||| FLEEEEING.
   535 | D:1      | 535 ||| FLEEEEING.
   536 | D:1      | 536 ||| FLEEEEING.
   953 | D:1      | 953 ||| DROPPING ring of magical power.
   954 | D:1      | 954 ||| READING 2 scrolls labelled VEYRACW NAGONU.
   955 | D:1      | 955 ||| READING scroll labelled RUMOTH YJYOFEA.
   956 | D:1      | 956 ||| DROPPING scroll of blinking.
  1037 | D:2      | 1037 ||| UPGRADING to +0 chain mail.
  1043 | D:2      | 1043 ||| UPGRADING to +0 chain mail.
  1061 | D:2      | 1061 ||| DROPPING +0 scale mail.
  1116 | D:2      | 1116 ||| Stepping ~*~*~tactically~*~*~ (hiding).
  1277 | D:2      | 1277 ||| READING scroll labelled KATTUA UTRE GAUPH.
  1303 | D:2      | Identified the +5 ring mail of Okawaru's Pride {Stlth+}
  1305 | D:2      | 1305 ||| DROPPING +5 ring mail of Okawaru's Pride {Stlth+}.
  1373 | D:2      | 1373 ||| Stepping ~*~*~tactically~*~*~ (stealth).
  1618 | D:2      | 1618 ||| READING scroll labelled VAEWAULIOTIS.
  1786 | D:2      | 1786 ||| READING scroll labelled GUOTIPU GEI.
  1794 | D:2      | Reached XP level 4. HP: 28/28 MP: 4/4
  1850 | D:2      | 1850 ||| READING scroll labelled WOMAOPSO DOCENU.
  1972 | D:3      | Noticed Natasha
  1973 | D:3      | 1973 ||| Stepping ~*~*~tactically~*~*~ (stealth).
  1974 | D:3      | 1974 ||| Stepping ~*~*~tactically~*~*~ (stealth).
  1993 | D:3      | Killed Natasha
  1994 | D:3      | Reached skill level 4 in Axes
  2130 | D:3      | Found Zyzxahip's Book Boutique.
  2132 | D:3      | 2132 ||| Stepping ~*~*~tactically~*~*~ (stealth).
  2168 | D:3      | 2168 ||| Stepping ~*~*~tactically~*~*~ (hiding).
  2177 | D:3      | Reached XP level 5. HP: 14/32 MP: 5/5
  2219 | D:3      | 2219 ||| FLEEEEING.
  2220 | D:3      | 2220 ||| FLEEEEING.
  2221 | D:3      | 2221 ||| FLEEEEING.
  2272 | D:3      | 2272 ||| DROPPING +0 mace.
  2348 | D:3      | Reached skill level 5 in Axes
  2386 | D:3      | 2386 ||| Stepping ~*~*~tactically~*~*~ (hiding).
  2604 | D:3      | Noticed Natasha
  2611 | D:3      | Killed Natasha
  2612 | D:3      | Reached XP level 6. HP: 27/38 MP: 6/6
  2622 | D:3      | Noticed Natasha
  2632 | D:3      | Killed Natasha
  2763 | D:3      | 2763 ||| READING scroll labelled RURCHOILOUF.
  2834 | D:4      | Noticed a black bear
  2847 | D:4      | Killed a black bear
  2854 | D:4      | Reached skill level 6 in Axes
  2899 | D:4      | 2899 ||| FLEEEEING.
  2900 | D:4      | 2900 ||| FLEEEEING.
  2901 | D:4      | 2901 ||| FLEEEEING.
  2910 | D:4      | 2910 ||| STAIRDANCE
  2967 | D:4      | 2967 ||| Stepping ~*~*~tactically~*~*~ (stealth).
  3069 | D:4      | 3069 ||| Stepping ~*~*~tactically~*~*~ (stealth).
  3070 | D:4      | 3070 ||| Stepping ~*~*~tactically~*~*~ (stealth).
  3071 | D:4      | 3071 ||| Stepping ~*~*~tactically~*~*~ (stealth).
  3091 | D:4      | Reached skill level 1 in Dodging
  3091 | D:4      | Reached XP level 7. HP: 35/43 MP: 7/7
  3227 | D:4      | 3227 ||| FLEEEEING.
  3228 | D:4      | 3228 ||| FLEEEEING.
  3230 | D:4      | 3230 ||| FLEEEEING.
  3231 | D:4      | 3231 ||| FLEEEEING.
  3232 | D:4      | 3232 ||| FLEEEEING.
  3233 | D:4      | 3233 ||| FLEEEEING.
  3234 | D:4      | 3234 ||| FLEEEEING.
  3235 | D:4      | 3235 ||| FLEEEEING.
  3237 | D:4      | 3237 ||| FLEEEEING.
  3238 | D:4      | 3238 ||| FLEEEEING.
  3239 | D:4      | 3239 ||| STAIRDANCE
  3265 | D:3      | 3265 ||| DRINKING 2 golden potions.
  3266 | D:3      | 3266 ||| DRINKING 2 fizzy dark potions.
  3308 | D:4      | 3308 ||| Stepping ~*~*~tactically~*~*~ (stealth).
  3311 | D:4      | 3311 ||| Stepping ~*~*~tactically~*~*~ (stealth).
  3312 | D:4      | 3312 ||| Stepping ~*~*~tactically~*~*~ (stealth).
  3313 | D:4      | 3313 ||| Stepping ~*~*~tactically~*~*~ (stealth).
  3512 | D:5      | Entered Level 5 of the Dungeon
  3648 | D:5      | 3648 ||| Stepping ~*~*~tactically~*~*~ (stealth).
  3775 | D:5      | Reached skill level 7 in Axes
  4013 | D:5      | HP: 9/44 [ogre/+0 giant spiked club (25)]
  4014 | D:5      | 4014 ||| DRINKING 2 potions of heal wounds.
  4112 | D:5      | Found a shadowy altar of Dithmenos.
  4113 | D:5      | 4113 ||| Stepping ~*~*~tactically~*~*~ (stealth).
  4118 | D:5      | Found a shimmering blue altar of Sif Muna.
  4359 | D:5      | Noticed Ijyb
  4380 | D:5      | HP: 11/44 [Ijyb/+0 club (4)]
  4381 | D:5      | 4381 ||| DRINKING potion of heal wounds.
  4408 | D:5      | Killed Ijyb
  4409 | D:5      | Reached skill level 1 in Throwing
  4533 | D:5      | 4533 ||| UPGRADING to +0 helmet.
  4538 | D:5      | 4538 ||| UPGRADING to amulet of reflection.
  4543 | D:5      | 4543 ||| DROPPING amulet of magic regeneration.
  4544 | D:5      | 4544 ||| READING scroll labelled ITUGURESAL.
  4545 | D:5      | 4545 ||| READING scroll labelled OTEAFU UT QES.
  4545 | D:5      | Identified a scroll of acquirement
  4545 | D:5      | 4545 ||| ACQUIRING +1 war axe of Chance {heavy, rC+ rCorr}
  4545 | D:5      | Acquired the +1 war axe of Chance {heavy, rC+ rCorr}
  4547 | D:5      | 4547 ||| SWAPPING to +1 war axe of Chance {heavy, rC+
                  | rCorr}.
  4548 | D:5      | 4548 ||| DRINKING 2 sedimented green potions.
  4549 | D:5      | 4549 ||| DRINKING 2 fuming golden potions.
  4550 | D:5      | 4550 ||| READING 2 scrolls of identify.
  4550 | D:5      | 4550 ||| IDENTIFYING fizzy silvery potion
  4551 | D:5      | 4551 ||| DROPPING potion of brilliance.
  4570 | D:6      | Reached XP level 8. HP: 17/49 MP: 8/8
  4571 | D:6      | HP: 12/49 [dart slug/slug dart (5)]
  4572 | D:6      | 4572 ||| DRINKING potion of heal wounds.
  4575 | D:6      | HP: 5/49 [ogre/+0 giant spiked club (33)]
  4575 | D:6      | HP: 2/49 [dart slug/slug dart (3)]
  4575 | D:6      | Killed from afar by an acid dragon

Levels and vault maps discovered:
D:1:      kb_arrival_jail, layout_loops_ring, basic_ecumenical_altar
D:2:      layout_rooms, serial_co_window_serial, co_window_paths_b,
          co_window_corner_a, co_window_cross_1, co_window_corner_a,
          co_window_paths_b, co_window_unsneaky_path_a,
          co_window_unsneaky_path_d, co_window_corner_b,
          co_window_of_opportunity_b, co_window_corner_b, co_window_corner_b,
          glass_columns_b, glass_columns_a, glass_columns_b, glass_columns_b,
          glass_columns_c
D:3:      layout_basic, serial_shops, nicolae_diamond_shop, uniq_natasha
D:4:      layout_basic
D:5:      layout_basic, nicolae_overflow_squiral, uniq_ijyb
D:6:      kennysheep_slugbush, layout_loops_cross, makhleb_blood_cavern_becter,
          minmay_misc_feat_four_crosses

Skill      XL: |  1  2  3  4  5  6  7 |
---------------+----------------------+-----
Axes           | 2 3 4 5 6 7 |  7.2
Fighting       | 4 5 |  5.1
Dodging        | 1 |  1.3
Throwing       | 1 |  1.0
Armour         | |  3.2
Shields        | |  3.2

Action                     |  1- 3 |  4- 6 |  7- 9 || total
---------------------------+-------+-------+-------++-------
  Melee: War axe           |    82 |   128 |    80 ||   290
         Unarmed           |       |       |    42 ||    42
  Throw: Boomerang         |       |       |    25 ||    25
    Use: Scroll            |     5 |     2 |     3 ||    10
         Potion            |       |       |     7 ||     7
 Armour: Scale mail        |    10 |       |       ||    10
         Chain mail        |    22 |    73 |    54 ||   149
  Dodge: Dodged            |    12 |    55 |    70 ||   137
  Block: Buckler           |    12 |    32 |    19 ||    63
         Reflection        |       |       |     4 ||     4

Table legend:
 A = Non-vault XP
 B = Vault XP
 C = Vault XP percentage of total XP
 D = Non-vault monster count
 E = Vault monster count
 F = Vault count percentage of total count
                 A         B        C        D         E       F
            +---------+---------+-------+---------+---------+-------
      Total |    1155 |      75 |   6.1 |     101 |       3 |   2.9
            +---------+---------+-------+---------+---------+-------
        D:1 |      45 |       0 |   0.0 |      24 |       0 |   0.0
        D:2 |      38 |       0 |   0.0 |      12 |       0 |   0.0
        D:3 |     257 |      35 |  12.0 |      29 |       1 |   3.3
        D:4 |     389 |       0 |   0.0 |      24 |       0 |   0.0
        D:5 |     375 |      36 |   8.8 |      11 |       1 |   8.3
        D:6 |      51 |       4 |   7.3 |       1 |       1 |  50.0
            +---------+---------+-------+---------+---------+-------
